 Dungeon Crawl Stone Soup version 0.31.0-32-g396128a36d (webtiles) character file.

Game seed: 11781145890587242261

289 Peloso the Covered (level 6, -9/53 HPs)
             Began as a Minotaur Fighter on Mar 16, 2024.
             Killed by nerve-wracking pain
             ... invoked by Grinder
              (14 damage)
             ... on level 4 of the Dungeon.
             The game lasted 00:07:47 (2282 turns).

Peloso the Covered (Minotaur Fighter)               Turns: 2282, Time: 00:07:47

Health: -9/53      AC: 13    Str: 20    XL:     6   Next: 9%
Magic:  5/5        EV:  6    Int:  5    God:
Gold:   120        SH:  5    Dex: 12    Spells: 5/5 levels left

rFire   . . .        a - +0 long sword
rCold   . . .        d - +0 buckler
rNeg    . . .        n - +1 plate armour
rPois   .            (helmet currently unavailable)
rElec   .            (cloak currently unavailable)
rCorr   .            (gloves currently unavailable)
SInv    .            (boots currently unavailable)
Will    .....        (no amulet) Stlth
                     (no ring)
HPRegen 0.28/turn    (no ring)
MPRegen 0.09/turn

%: no passive effects
@: mighty, beast-form
A: beast (slay +0), horns 2, retaliatory headbutt
a: Begin Untransformation


You were on level 4 of the Dungeon.
You were a hulking beast.
You visited 1 branch of the dungeon, and saw 4 of its levels.

You collected 120 gold pieces.

Inventory:

Hand Weapons
 a - a +0 long sword (weapon)
Armour
 b - a +0 scale mail
 d - a +0 buckler (worn)
 n - a +1 plate armour (worn)
Talismans
 c - a beast talisman (active)
Wands
 e - a wand of paralysis (9)
 j - a wand of flame (17)
Scrolls
 f - a scroll of brand weapon {unknown}
 h - a scroll of noise {unknown}
Potions
 i - a potion of magic
 k - a potion of enlightenment
 o - a potion of curing {unknown}


   Skills:
 + Level 4.7 Fighting
 + Level 4.6 Long Blades
 + Level 5.0 Armour
 + Level 1.1 Dodging
 + Level 0.1 Stealth
 + Level 4.5 Shields
 + Level 1.2 Shapeshifting


You had 5 spell levels left.
You didn't know any spells.
Your spell library contained the following spells:

 Spells                   Type           Power      Damage    Failure   Level
 Slow                     Hex            0%         N/A       100%        1
 Confusing Touch          Hex            0%         N/A       100%        3
 Sigil of Binding         Hex            0%         N/A       100%        3
 Vampiric Draining        Necr           0%         2d6       100%        3


Dungeon Overview and Level Annotations

Branches:
Dungeon (4/15)
 Temple: D:4-7

Altars:
Vehumet
Wu Jian

Shops:
D:1 =[[

Annotations:
D:4 Grinder


Innate Abilities, Weirdness & Mutations

You are a hulking beast.
Your limbs bulge with bestial killing power. (Slay +0)
You have a pair of horns on your head.
You reflexively headbutt those who attack you in melee.


Message History

You block Grinder's attack.
You slash Grinder! Your headbutt misses Grinder.
Grinder is moderately wounded.
You block Grinder's attack. Grinder gestures at you.
Pain shoots through your body!
You closely miss Grinder. Your headbutt misses Grinder.
Grinder is moderately wounded.
Grinder hits you.
* * * LOW HITPOINT WARNING * * *
You writhe in agony.
* * * LOW HITPOINT WARNING * * *
You closely miss Grinder.
Grinder is moderately wounded.
Grinder hits you.
* * * LOW HITPOINT WARNING * * *
You writhe in agony.
* * * LOW HITPOINT WARNING * * *
You closely miss Grinder.
Grinder is lightly wounded.
Grinder gestures at you. You resist with significant effort.
You feel much better. Grinder barely misses you.
You closely miss Grinder.
Grinder is lightly wounded.
Grinder hits you.
You writhe in agony.
You closely miss Grinder.
Grinder is lightly wounded.
Grinder hits you.
You writhe in agony.
You hit Grinder. You headbutt Grinder.
Grinder is heavily wounded.
Grinder gestures at you. Pain shoots through your body!
* * * LOW HITPOINT WARNING * * *
You slash Grinder!
Grinder is severely wounded.
Grinder gestures at you. Pain shoots through your body!
You die...
Grinder says, "Hey, I wasn't done torturing you yet!"

#+## #...##
##.....##
##.......#
..####..$......
............>..
...............
#h5.....#
##.....##
#...## #+##


You could see Grinder.

Vanquished Creatures
  Pargi (D:3)
  An ice beast (D:3)
  5 adders
  A dart slug (D:3)
  5 endoplasms
  3 giant cockroaches
  8 goblins
  2 hobgoblins (D:2)
  4 jackals (D:1)
  4 quokkas
  2 ball pythons (D:1)
  11 bats
  2 frilled lizards (D:1)
  4 kobolds
  3 rats
56 creatures vanquished.

Notes
Turn   | Place    | Note
-------+----------+-------------------------------------------
     0 | D:1      | Peloso the Minotaur Fighter began the quest for the Orb.
     0 | D:1      | Reached XP level 1. HP: 19/19 MP: 0/0
    78 | D:1      | Found Deghetoo's Antique Armour Shoppe.
   170 | D:1      | Reached XP level 2. HP: 27/27 MP: 1/1
   327 | D:1      | Found a faded altar of an unknown god.
   359 | D:1      | Found Vufokue's Antique Armour Shop.
   468 | D:1      | Found Aliaq's Jewellery Boutique.
   531 | D:1      | Reached skill level 4 in Armour
  1150 | D:2      | Reached XP level 3. HP: 33/33 MP: 2/2
  1175 | D:2      | Found an ornate altar of the Wu Jian Council.
  1548 | D:2      | Reached XP level 4. HP: 41/41 MP: 3/3
  1556 | D:2      | Reached skill level 1 in Dodging
  1861 | D:3      | Found a radiant altar of Vehumet.
  2043 | D:3      | Noticed an ice beast
  2052 | D:3      | Killed an ice beast
  2053 | D:3      | Reached skill level 1 in Shapeshifting
  2053 | D:3      | Reached XP level 5. HP: 47/47 MP: 4/4
  2164 | D:3      | Noticed Pargi
  2186 | D:3      | Killed Pargi
  2187 | D:3      | Reached skill level 5 in Armour
  2187 | D:3      | Reached XP level 6. HP: 17/53 MP: 5/5
  2265 | D:3      | Noticed Grinder
  2282 | D:4      | Killed from afar by Grinder

Illustrated notes

Levels and vault maps discovered:
D:1:      evilmike_arrival_grusome_pit, layout_basic,
          ebering_ecumenical_altar_petrified, serial_shops, shop, shop_statue,
          shop, nicolae_concentric_dashed_squares_mild, fountainhead,
          minmay_hedge_maze, minmay_misc_feat_rows, feat_on_display
D:2:      layout_loops_cross, basic_altar
D:3:      layout_rooms, mainiacjoe_overflow_catwalk,
          gammafunk_ghost_abyssal_escape, uniq_grinder, uniq_pargi
D:4:      layout_loops_corners, nicolae_ossuary_entry_ruins, uniq_edmund

Skill      XL: |  1  2  3  4  5 |
---------------+----------------+-----
Fighting       | 4 |  4.7
Shields        | 4 |  4.5
Armour         | 4 5 |  5.0
Dodging        | 1 |  1.1
Long Blades    | 4 |  4.6
Shapeshifting  | 1 |  1.2
Stealth        | |  0.1

Action                     |  1- 3 |  4- 6 || total
---------------------------+-------+-------++-------
  Melee: Long sword        |    87 |    82 ||   169
         Headbutt          |    11 |    10 ||    21
    Use: Scroll            |       |     4 ||     4
         Potion            |       |     2 ||     2
 Armour: Scale mail        |    65 |       ||    65
         Plate armour      |    10 |    86 ||    96
  Dodge: Dodged            |    65 |    27 ||    92
  Block: Buckler           |    18 |    31 ||    49
   Form: Beast             |     1 |       ||     1
